 Dungeon Crawl Stone Soup version 0.24.1-5-g77f818bfca (webtiles) character file.

Game seed: 12839611269515993410, levelgen mode: deterministic

375621 haneul the Warrior (level 22, -6/165 HPs)
             Began as an Octopode Fighter on Apr 24, 2020.
             Was the Champion of Cheibriados.
             Killed from afar by a deep elf sorcerer (33 damage)
             ... with a bolt of acid
             ... on level 3 of the Elven Halls.
             The game lasted 03:37:19 (44594 turns).

haneul the Warrior (Octopode Fighter)              Turns: 44594, Time: 03:37:19

Health: -6/165     AC:  7    Str: 47    XL:     22   Next: 77%
Magic:  41/46      EV: 32    Int: 27    God:    Cheibriados [******]
Gold:   3835       SH: 42    Dex: 50    Spells: 9/43 levels left

rFire    + . .     SeeInvis +   a - +7 broad axe (vamp)
rCold    x . .     Gourm    .   F - +18 shield of the Gong {rElec rN+ MR+ EV-5}
rNeg     + + .     Faith    .   (helmet restricted)
rPois    +         Spirit   .   W - +3 amulet of reflection
rElec    +         Reflect  +   r - ring of protection from fire
rCorr    .         Harm     .   p - ring "Inoru" {Fire MR+ Int+2 Dex+2}
MR       ++++.                  s - ring of Xassuan {rElec rPois rN+ MR+}
Stlth    ++++++....             w - +6 ring of protection
HPRegen  1.37/turn              y - +3 ring of evasion
MPRegen  0.30/turn              T - +5 ring of strength
                                Q - ring of Zeim {Ice MP+9 Dex+10 Stlth+}
                                V - ring "Numix" {rPois rC- Str+4 Dex+7 SInv}

@: death channel, singing, regenerating, very slow
A: almost no armour, stealthy swim, amphibious, 8 rings, constrict 8, camouflage
1, mutation resistance 1, strong 1, gelatinous body 1
}: 2/15 runes: decaying, gossamer
a: Bend Time, Temporal Distortion, Slouch, Step From Time, Renounce Religion


You were on level 3 of the Elven Halls.
You worshipped Cheibriados.
Cheibriados was exalted by your worship.
You were not hungry.

You visited 8 branches of the dungeon, and saw 39 of its levels.
You also visited: Ice Cave, Volcano and Desolation.

You collected 4220 gold pieces.
You spent 385 gold pieces at shops.

Inventory:

Hand Weapons
 a - a +7 vampiric broad axe (weapon)
 b - a +7 broad axe of flaming
 i - a +2 trident of flaming
Missiles
 f - 10 curare-tipped darts
 E - 7 throwing nets
 H - 11 javelins
 I - 32 boomerangs (quivered)
Armour
 F - the +18 shield of the Gong (worn) {rElec rN+ MR+ EV-5}
   (You found it on level 3 of the Vaults)

   It affects your evasion (-5).
   It insulates you from electricity.
   It protects you from negative energy.
   It affects your resistance to hostile enchantments.
Magical Staves
 X - an uncursed staff of wizardry
Jewellery
 o - an uncursed ring of resist corrosion
 p - the ring "Inoru" (right tentacle) {Fire MR+ Int+2 Dex+2}
   (You found it on level 1 of the Lair of Beasts)

   [ring of fire]

   It enhances your fire magic.
   It affects your intelligence (+2).
   It affects your dexterity (+2).
   It protects you from fire.
   It makes you vulnerable to cold.
   It affects your resistance to hostile enchantments.
 r - a ring of protection from fire (left tentacle)
 s - the ring of Xassuan (on tentacle) {rElec rPois rN+ MR+}
   (You found it in the Desolation of Salt)

   [ring of poison resistance]

   It insulates you from electricity.
   It protects you from poison.
   It protects you from negative energy.
   It affects your resistance to hostile enchantments.
 w - a +6 ring of protection (on tentacle)
 y - a +3 ring of evasion (on tentacle)
 A - an uncursed ring of wizardry
 Q - the ring of Zeim (on tentacle) {Ice MP+9 Dex+10 Stlth+}
   (You took it off a deep elf mage on level 1 of the Elven Halls)

   [ring of ice]

   It enhances your ice magic.
   It affects your dexterity (+10).
   It makes you vulnerable to fire.
   It protects you from cold.
   It affects your magic capacity (+9).
   It makes you more stealthy.
 S - an uncursed ring of ice
 T - a +5 ring of strength (on tentacle)
 V - the ring "Numix" (on tentacle) {rPois rC- Str+4 Dex+7 SInv}
   (You took it off a boggart on level 11 of the Dungeon)

   [ring of poison resistance]

   It affects your strength (+4).
   It affects your dexterity (+7).
   It makes you vulnerable to cold.
   It protects you from poison.
   It lets you see invisible.
 W - a +3 amulet of reflection (around mantle)
Wands
 h - a wand of digging (8)
 G - a wand of clouds (8)
 R - a wand of scattershot (3)
 U - a wand of iceblast (49)
 Z - a wand of acid (21)
Scrolls
 e - 19 scrolls of remove curse
 g - 9 scrolls of teleportation
 j - 9 scrolls of identify
 m - 2 scrolls of magic mapping
 t - a scroll of fog
 C - 7 scrolls of blinking
 D - 2 scrolls of summoning
 P - 2 scrolls of fear
Potions
 c - a potion of cancellation
 l - 5 potions of magic
 n - 17 potions of curing
 u - 9 potions of ambrosia
 x - 7 potions of brilliance
 z - 4 potions of agility
 K - 6 potions of flight
 L - 3 potions of lignification
 M - 2 potions of invisibility
 O - 4 potions of heal wounds
 Y - a potion of might
Miscellaneous
 k - a phial of floods
 v - 2 phantom mirrors
 N - a lamp of fire
Comestibles
 d - 62 rations


   Skills:
 * Level 18.1 Fighting
 * Level 13.7(15.8) Axes
 - Level 13.6(15.7) Polearms
 - Level 7.8 Throwing
 * Level 13.0 Dodging
 - Level 1.2 Stealth
 - Level 15.4 Shields
 - Level 11.1 Spellcasting
 - Level 5.0 Conjurations
 - Level 3.0 Hexes
 - Level 4.0 Charms
 - Level 7.0 Summonings
 - Level 11.0 Necromancy
 - Level 5.0 Fire Magic
 - Level 6.0 Air Magic
 - Level 5.0 Earth Magic
 - Level 9.0 Invocations
 + Level 1.7 Evocations


You had 9 spell levels left.
You knew the following spells:

 Your Spells              Type           Power        Failure   Level  Hunger
a - Confusing Touch       Hex            ####..       1%          1    None
b - Animate Skeleton      Necr           N/A          1%          1    None
c - Regeneration          Chrm/Necr      ######....   1%          3    None
d - Apportation           Tloc           ###...       3%          1    None
e - Song of Slaying       Chrm           #####...     1%          2    None
f - Conjure Flame         Conj/Fire      ######..     1%          3    None
g - Summon Lightning Spi  Summ/Air       ######..     2%          4    None
h - Animate Dead          Necr           N/A          1%          4    None
i - Sticky Flame          Conj/Fire      ######..     4%          4    None
j - Borgnjor's Vile Clut  Necr/Erth      ######....   4%          5    ###....
k - Death Channel         Necr           ######....   6%          6    #####..

Your spell library contained the following spells:

 Spells                   Type           Power        Failure   Level  Hunger
 Corona                   Hex            ####...      1%          1    None
 Flame Tongue             Conj/Fire      #####        1%          1    None
 Infusion                 Chrm           ####         1%          1    None
 Magic Dart               Conj           ####         1%          1    None
 Pain                     Necr           ####         1%          1    None
 Sting                    Conj/Pois      ####         1%          1    None
 Summon Small Mammal      Summ           ####         1%          1    None
 Call Imp                 Summ           ######..     1%          2    None
 Poisonous Vapours        Pois/Air       ####..       1%          2    None
 Searing Ray              Conj           #####.       1%          2    None
 Slow                     Hex            ####....     1%          2    None
 Sublimation of Blood     Necr           ######....   1%          2    None
 Throw Flame              Conj/Fire      ######       1%          2    None
 Call Canine Familiar     Summ           ######..     1%          3    None
 Summon Guardian Golem    Hex/Summ       #####...     1%          3    None
 Vampiric Draining        Necr           ######....   1%          3    None
 Shroud of Golubria       Chrm/Tloc      ####..       2%          2    None
 Dazzling Spray           Conj/Hex       #####.       2%          3    None
 Inner Flame              Hex/Fire       ######..     2%          3    None
 Mephitic Cloud           Conj/Pois/Air  ####....     2%          3    None
 Recall                   Summ/Tloc      N/A          2%          3    None
 Spectral Weapon          Hex/Chrm       ####....     2%          3    None
 Confuse                  Hex            ####....     3%          3    None
 Iskenderun's Mystic Bla  Conj           #####...     4%          4    None
 Bolt of Draining         Conj/Necr      ######....   4%          5    ###....
 Blink                    Tloc           N/A          6%          2    None
 Portal Projectile        Hex/Tloc       ###...       6%          3    None
 Leda's Liquefaction      Hex/Erth       #####.....   7%          4    None
 Fulminant Prism          Conj/Hex       #####.....   8%          4    None
 Summon Ice Beast         Ice/Summ       ######..     9%          4    None
 Cause Fear               Hex            ####......   11%         4    None
 Gell's Gravitas          Tloc           ###.......   12%         3    None
 Force Lance              Conj/Tloc      ####....     14%         4    None
 Petrify                  Tmut/Erth      ####....     14%         4    None
 Bolt of Magma            Conj/Fire/Erth ######....   14%         5    ###....
 Fireball                 Conj/Fire      ######....   14%         5    ###....
 Silence                  Hex/Air        #####.....   16%         5    ###....
 Metabolic Englaciation   Hex/Ice        #####.....   50%         5    ###....
 Yara's Violent Unravell  Hex/Tmut       ###.......   50%         5    ###....
 Conjure Ball Lightning   Conj/Air       #####.....   52%         6    #####..
 Simulacrum               Ice/Necr       ######....   52%         6    #####..
 Alistair's Intoxication  Tmut/Pois      ###.....     71%         5    ###....
 Freezing Cloud           Conj/Ice/Air   ######....   78%         6    #####..
 Ring of Flames           Chrm/Fire      ######....   99%         7    ######.


Dungeon Overview and Level Annotations

Branches:
Dungeon (15/15)            Temple (1/1) D:4            Lair (6/6) D:9
  Swamp (4/4) Lair:3       Spider (4/4) Lair:2        Slime (0/5) Lair:5
    Orc (2/2) D:10            Elf (3/3) Orc:2        Vaults (4/5) D:14
  Crypt (0/3) Vaults:2     Depths (0/5) D:15          IceCv (visited)
Volcano (visited)         Desolation (visited)

Altars:
Ashenzari
Cheibriados
Dithmenos
Elyvilon
Fedhas
Gozag
Hepliaklqana
Kikubaaqudgha
Makhleb
Nemelex Xobeh
Okawaru
Qazlal
Ru
Sif Muna
Trog
Uskayaw
Vehumet
Wu Jian
Xom
Yredelemnul
Zin
The Shining One

Shops:
D:7 *   Orc:1 ?   Orc:2 [}(%   Vaults:1 (   Vaults:4 %

Annotations:
D:1 exclusion: downstairs
D:6 Blork the orc
D:7 1 runed translucent door, Crazy Yiuf
D:8 1 runed translucent door, exclusion: orange crystal statue
D:10 2 runed translucent doors, exclusion: downstairs, Daoist's ghost, novice TrBe; Snorg
D:12 Frances
D:14 exclusion: downstairs
D:15 exclusion: 2 skeletal warriors
Lair:4 3 runed translucent doors, SnubMonkey's ghost, journeyman TeFi
Elf:2 3 runed translucent doors


Innate Abilities, Weirdness & Mutations

You cannot wear most types of armour.
You are very stealthy in the water. (Stealth+)
You are amphibious.
You can wear up to eight rings at the same time.
You can use your tentacles to constrict eight enemies at once.
Your skin changes colour to match your surroundings (Stealth+).
Your rubbery body absorbs attacks. (AC +1, EV +1)
You are somewhat resistant to further mutation.
Your muscles are strong. (Str +2)


Message History

Your spectral deep elf elementalist misses the deep elf annihilator.
Your spectral deep elf master archer closely misses the deep elf sorcerer.
The deep elf annihilator hits your spectral deep elf master archer with a +2 quarterstaff of protection!
The deep elf sorcerer gestures wildly while chanting.
The deep elf sorcerer seems to speed up.
Your spectral deep elf sorcerer hits the deep elf sorcerer but does no damage.
You catch the helpless deep elf sorcerer completely off-guard!
You slice the deep elf sorcerer!! You grab the deep elf sorcerer.
You squeeze the deep elf sorcerer!
You kill the deep elf sorcerer!
Cheibriados appreciates the change of pace.
A glowing mist starts to gather...
The deep elf high priest hits your spectral deep elf sorcerer with a +0 long sword!
Your spectral deep elf elementalist closely misses the deep elf annihilator.
The deep elf sorcerer points at you and mumbles some strange words.
The bolt of acid hits your spectral deep elf sorcerer!!
Your spectral deep elf sorcerer is splashed with acid.
The acid corrodes your spectral deep elf sorcerer!
The bolt of acid hits you!!
You die...

..# ..#
....#....... ..#
........... ..#
#.......... ..
..# ....e.....
.... ..#
...Z...## #.....
..#
#...e..###......
#'#
#e)ZZ..#......#
..#
#Z@Z........#
.Z# ##ZZ.......#


ZZ# ###.Z.....# Z(# .##.....## ..# .##Z..## (.### #.##.## .(..#### ######.Z#Z#
## .).....#####.#.##.Z#)#..# .).#....#Z##...#....ZZ.# # You could see a deep elf
annihilator, a deep elf sorcerer, a deep elf high priest, 2 friendly spectral
deep elf high priests, a friendly spectral deep elf annihilator, 3 friendly
spectral deep elf sorcerers, a friendly spectral deep elf death mage, a friendly
spectral deep elf blademaster, a friendly spectral deep elf master archer and a
friendly spectral deep elf elementalist.

Vanquished Creatures
  Margery (Vaults:3)
  Nikola (Swamp:1)
  Arachne (Spider:2)
  A tentacled monstrosity (Swamp:1)
  Jorgrun (Swamp:3)
  3 deep elf blademasters (Elf:3)
  2 thorn hunters
  A sphinx (Vaults:4)
  A tengu reaver (Vaults:4)
  Kirke (Elf:1)
  6 vault wardens
  A fire giant (Vaults:4)
  3 ghost moths (Spider:4)
  A frost giant (Vaults:3)
  7 deep elf sorcerers
  4 imperial myrmidons (Desolation)
  9 emperor scorpions
  Louise (Spider:1)
  13 ironheart preservers
  2 deep elf elementalists (Elf:3)
  A war gargoyle (Vaults:2)
  4 very ugly things
  8 stone giants
  3 entropy weavers
  6 deep elf annihilators
  4 deep elf demonologists (Elf:3)
  A halazid warlock (Desolation)
  2 spark wasps
  An eidolon (Vaults:2)
  An ettin (Vaults:4)
  Josephine (Orc:2)
  8 yaktaur captains
  6 deep elf death magi
  11 ragged hierophants (Desolation)
  4 deep elf high priests
  2 great orbs of eyes
  4 peacekeepers (Desolation)
  Harold (Lair:1)
  6 servants of whispers (Desolation)
  3 vault guards
  2 rakshasas (Vaults:2)
  A ghost crab (Swamp:4)
  6 ice dragons
  Fannar (Lair:3)
  20 hydras
  A catoblepas (Lair:6)
  A shambling mangrove (Swamp:3)
  6 centaur warriors
  52 two-headed ogres
  9 alligators
  7 death yaks (D:9)
  18 ogre magi
  2 deep troll earth magi
  3 tengu warriors
  3 deep troll shamans
  6 dancing weapons
  A satyr (shapeshifter) (D:14)
  Urug (Lair:4)
  5 hell knights
  Sonja (Orc:2)
  Nergalle (Lair:4)
  18 deep elf knights
  A shadow wraith (Vaults:4)
  2 glowing orange brains (Vaults:3)
  A spriggan druid (Swamp:4)
  5 unseen horrors
  13 deep elf archers
  A harpy (shapeshifter) (Vaults:1)
  7 swamp dragons
  3 wizards
  7 orc knights
  15 deep trolls
  A phantasmal warrior (Vaults:1)
  19 ironbrand convokers
  5 orc sorcerers
  31 wolf spiders
  A mana viper (shapeshifter) (Vaults:3)
  10 orb spiders
  59 deep elf magi
  5 harpies (Vaults:3)
  4 necromancers
  4 oklob plants (Lair:4)
  21 ugly things
  14 cyclopes
  3 elephants (Lair:3)
  A tengu skeleton (Vaults:1)
  2 moths of wrath
  A manticore (D:12)
  13 vault sentinels
  A guardian serpent (shapeshifter) (D:15)
  8 black mambas
  An ice statue (IceCv)
  A torpor snail (Lair:2)
  3 molten gargoyles
  Psyche (D:12)
  3 gargoyles
  3 guardian serpents (Desolation)
  11 spiny frogs
  3 kobold demonologists
  An efreet (D:13)
  A rime drake (Swamp:4)
  19 freezing wraiths
  A spiny frog (shapeshifter) (Vaults:1)
  5 komodo dragons
  26 yaktaurs
  2 human zombies (Vaults:1)
  14 demonic crawlers
  A human skeleton (Vaults:1)
  A tengu conjurer (D:13)
  13 trolls
  20 jumping spiders
  A harpy zombie (D:15)
  4 polar bears (Lair:6)
  A small abomination (Elf:3)
  A jumping spider (shapeshifter) (D:11)
  14 slime creatures
  28 hornets
  A snapping turtle (shapeshifter) (Elf:3)
  2 tyrant leeches
  8 hippogriffs
  3 bog bodies (Swamp:3)
  49 saltlings (Desolation)
  A stone giant simulacrum (Vaults:4)
  11 blink frogs
  2 dream sheep (Lair:6)
  4 centaur simulacra
  2 air elementals
  5 shadows
  18 tarantellas
  14 spriggans
  A tarantella (shapeshifter) (Vaults:1)
  9 wraiths
  A vampire (D:14)
  40 redbacks
  A hog (shapeshifter) (D:13)
  2 hungry ghosts
  5 wyverns
  2 fire elementals
  2 fire bats (Volcano)
  3 hogs (Elf:1)
  4 water elementals
  50 yaks
  A steam dragon (D:7)
  A basilisk (D:13)
  A death yak simulacrum (IceCv)
  Grum (Lair:1)
  6 vampire mosquitoes
  2 wargs
  10 swamp worms
  A soldier ant (D:15)
  4 insubstantial wisps
  12 water moccasins
  2 acid dragons
  20 orc warriors
  11 porcupines
  An alligator simulacrum (IceCv)
  2 eyes of draining (D:3)
  4 swamp drakes
  2 phantoms
  4 sky beasts
  5 black bears
  10 ice beasts
  48 ogres
  21 wolves
  11 boggarts
  22 centaurs
  11 crocodiles
  4 big kobolds
  A glowing shapeshifter simulacrum (Vaults:1)
  5 gnoll sergeants
  15 bullfrogs
  3 earth elementals
  4 scorpions
  7 wights
  9 killer bees
  3 electric eels
  A vampire bat (Orc:1)
  3 centaur zombies
  5 lava snakes (Volcano)
  11 crimson imps
  3 human simulacra
  2 quasits
  A bullfrog zombie (D:12)
  6 draconian simulacra (IceCv)
  8 jellies
  4 centaur skeletons
  12 orc priests
  3 hounds
  4 bullfrog skeletons
  4 iguanas
  25 orc wizards
  Terence (D:2)
  11 worker ants
  2 spriggan simulacra (IceCv)
  A troll simulacrum (IceCv)
  A polar bear simulacrum (IceCv)
  A wolf simulacrum (IceCv)
  A hound zombie (D:11)
  32 gnolls
  3 ogre simulacra (IceCv)
  18 adders
  5 naga simulacra (IceCv)
  3 shadow imps
  26 white imps
  6 oozes
  3 adder zombies
  An adder skeleton (D:8)
  7 worms
  2 dart slugs
  5 leopard geckos
  63 orcs
  16 bats
  3 giant cockroaches
  8 goblins
  6 hobgoblins
  15 jackals
  7 quokkas
  2 ball pythons
  7 frilled lizards
  16 kobolds
  A quokka zombie (D:8)
  9 rats
  5 briar patches
1622 creatures vanquished.

Vanquished Creatures (collateral kills)
  Bai Suzhen (Elf:3)
  A fire giant (Vaults:4)
  A vault warden (Vaults:2)
  2 stone giants
  A very ugly thing (Swamp:4)
  A deep elf annihilator (Elf:3)
  A halazid warlock (Desolation)
  2 deep elf death magi (Elf:3)
  6 hydras
  A yaktaur captain (Vaults:3)
  A vault guard (Vaults:2)
  2 ghost crabs
  A two-headed ogre (Vaults:2)
  3 alligators
  2 deep elf knights (Elf:1)
  A spriggan druid (Swamp:4)
  3 swamp dragons (Swamp:4)
  2 deep elf magi
  3 deep elf archers
  A guardian serpent (Desolation)
  2 spiny frogs
  A rime drake (Swamp:4)
  3 yaktaurs
  5 tyrant leeches
  A hornet (Swamp:2)
  3 slime creatures (Swamp:4)
  3 saltlings (Desolation)
  2 bog bodies
  A hog (Elf:1)
  2 shadows
  A spriggan (Swamp:2)
  4 vampire mosquitoes
  3 insubstantial wisps
  6 swamp worms
  An acid dragon (Vaults:2)
  An orc warrior (Vaults:3)
  6 swamp drakes
  A tengu (shapeshifter) (Vaults:4)
  An orc (Vaults:3)
  2 briar patches (Swamp:2)
  A crawling corpse (Elf:3)
86 creatures vanquished.

Vanquished Creatures (others)
  2 deep elf master archers (Elf:3)
  A thorn hunter (Swamp:4)
  A tengu reaver (Vaults:4)
  A hydra (Swamp:4)
  2 deep elf archers
  A necromancer (Vaults:3)
  A rime drake (Swamp:4)
  2 saltlings (Desolation)
  A blink frog (Lair:5)
  A swamp drake (Swamp:4)
  A boggart (Elf:1)
  A wyvern skeleton (D:14)
  4 briar patches
  A fungus (Lair:5)
  3 plants (Lair:4)
23 creatures vanquished.

Grand Total: 1731 creatures vanquished

Notes
Turn   | Place    | Note
-------+----------+-------------------------------------------
     0 | D:1      | haneul the Octopode Fighter began the quest for the Orb.
     0 | D:1      | Reached XP level 1. HP: 16/16 MP: 1/1
   135 | D:1      | Reached XP level 2. HP: 21/21 MP: 2/2
   650 | D:2      | Noticed Terence
   756 | D:2      | Reached XP level 3. HP: 26/26 MP: 3/3
  1226 | D:2      | Reached skill level 1 in Stealth
  1226 | D:2      | Reached XP level 4. HP: 13/31 MP: 4/4
  2008 | D:3      | Reached XP level 5. HP: 28/37 MP: 5/5
  2448 | D:3      | Found a bloodstained altar of Trog.
  2448 | D:3      | Noticed an eye of draining
  2479 | D:3      | Killed an eye of draining
  2479 | D:3      | Reached XP level 6. HP: 36/43 MP: 0/6
  2537 | D:3      | Noticed an eye of draining
  2546 | D:3      | Killed an eye of draining
  2546 | D:3      | Reached skill level 4 in Fighting
  3187 | D:4      | Found an ornate altar of the Wu Jian Council.
  3207 | D:4      | Found a staircase to the Ecumenical Temple.
  3212 | D:4      | Reached XP level 7. HP: 40/48 MP: 7/7
  3220 | Temple   | Entered the Ecumenical Temple
  3300 | Temple   | Became a worshipper of Cheibriados the Contemplative
  3390 | D:4      | Reached skill level 1 in Invocations
  3639 | D:5      | Entered Level 5 of the Dungeon
  3735 | D:5      | Learned a level 1 spell: Confusing Touch
  3826 | D:5      | Found a blossoming altar of Fedhas.
  4223 | D:5      | Reached skill level 5 in Polearms
  4526 | D:6      | Reached skill level 1 in Spellcasting
  4526 | D:6      | Reached skill level 1 in Hexes
  4526 | D:6      | Reached XP level 8. HP: 24/54 MP: 9/9
  4731 | D:6      | Found a blossoming altar of Fedhas.
  4742 | D:6      | Reached * piety under Cheibriados
  5072 | D:6      | Reached skill level 5 in Dodging
  5430 | D:6      | Reached skill level 1 in Throwing
  5442 | D:6      | Learned a level 1 spell: Animate Skeleton
  5752 | D:6      | Noticed Blork the orc
  5879 | D:7      | Learned a level 3 spell: Regeneration
  5993 | D:7      | Reached skill level 5 in Fighting
  5995 | D:7      | Reached ** piety under Cheibriados
  5995 | D:7      | Reached XP level 9. HP: 45/61 MP: 12/12
  6248 | D:7      | Reached skill level 1 in Necromancy
  6445 | D:7      | Found Gutyghe Biyk's General Store.
  6680 | D:7      | Found a runed translucent door.
  6681 | D:7      | Noticed Crazy Yiuf
  7094 | D:8      | Found a glowing golden altar of the Shining One.
  7151 | D:8      | Found a blossoming altar of Fedhas.
  7167 | D:8      | Found an opulent altar of Gozag.
  7209 | D:8      | Found the +10 large shield of Ignorance {rN+ Int-4}
  7214 | D:8      | Found a runed translucent door.
  7220 | D:8      | Noticed an orange crystal statue
  7229 | D:8      | Learned a level 1 spell: Apportation
  7466 | D:8      | Reached *** piety under Cheibriados
  7475 | D:8      | Found a shadowy altar of Dithmenos.
  7639 | D:8      | Reached skill level 5 in Shields
  7807 | D:8      | Found a runed translucent door.
  8658 | D:9      | Reached **** piety under Cheibriados
  8875 | D:9      | Noticed a death yak
  8901 | D:9      | Killed a death yak
  8901 | D:9      | Reached XP level 10. HP: 48/67 MP: 12/14
  8994 | D:9      | Noticed a death yak
  8994 | D:9      | Noticed a death yak
  8994 | D:9      | Noticed a death yak
  9024 | D:9      | Killed a death yak
  9422 | D:9      | Noticed a death yak
  9438 | D:9      | Killed a death yak
  9493 | D:9      | Found a staircase to the Lair.
  9495 | D:9      | Noticed a death yak
  9509 | D:9      | Killed a death yak
  9616 | D:9      | Noticed a death yak
  9633 | D:9      | Killed a death yak
  9633 | D:9      | Reached skill level 6 in Fighting
  9641 | D:9      | Killed a death yak
  9641 | D:9      | Reached XP level 11. HP: 69/72 MP: 15/15
  9654 | D:9      | Killed a death yak
  9733 | D:10     | Entered Level 10 of the Dungeon
 10063 | D:10     | Noticed Snorg
 10105 | D:10     | Reached skill level 10 in Shields
 10427 | D:10     | Found a runed translucent door.
 10428 | D:10     | Noticed a skeletal warrior
 10428 | D:10     | Noticed a green ugly thing
 10428 | D:10     | Noticed a skeletal warrior
 10430 | D:10     | Noticed an ice dragon
 10432 | D:10     | Noticed a sea snake
 10432 | D:10     | Noticed a lich
 10432 | D:10     | Noticed Daoist's ghost (novice TrBe)
 10433 | D:10     | Noticed a necromancer
 10434 | D:10     | Noticed a shining eye
 10434 | D:10     | a sea snake changed into a shining eye
 10436 | D:10     | Found a runed translucent door.
 10437 | D:10     | Noticed a shock serpent
 10459 | D:10     | Found a staircase to the Orcish Mines.
 10617 | D:10     | Noticed a four-headed hydra
 10619 | D:10     | Noticed a spark wasp
 10619 | D:10     | a four-headed hydra changed into a spark wasp
 10623 | D:10     | Noticed an ice dragon
 10624 | D:10     | Noticed a six-headed hydra
 10624 | D:10     | an ice dragon changed into a six-headed hydra
 10629 | D:10     | Noticed a storm dragon
 10629 | D:10     | a six-headed hydra changed into a storm dragon
 10649 | D:10     | Noticed a wolf spider
 10651 | D:10     | a wolf spider changed into a water nymph
 10657 | D:10     | Noticed a shock serpent
 10657 | D:10     | a floating eye changed into a shock serpent
 10660 | D:10     | a shock serpent changed into a torpor snail
 10718 | D:11     | Noticed a two-headed ogre
 10742 | D:10     | Noticed a storm dragon
 10742 | D:10     | Noticed a dire elephant
 10742 | D:10     | a storm dragon changed into a dire elephant
 10760 | D:11     | Reached ***** piety under Cheibriados
 10852 | D:11     | Killed a two-headed ogre
 11083 | D:11     | Noticed a green ugly thing
 11086 | D:11     | Learned a level 2 spell: Song of Slaying
 11092 | D:11     | Killed a green ugly thing
 11092 | D:11     | Reached skill level 10 in Polearms
 11401 | D:11     | Got a translucent hand crossbow
 11408 | D:11     | Noticed a cyclops
 11422 | D:11     | Reached skill level 7 in Fighting
 11426 | D:11     | Reached XP level 12. HP: 81/81 MP: 16/16
 11589 | D:11     | Identified the +2 war axe of True Grit {freeze, rC+++ Int+5
                  | Dex-3}
 11589 | D:11     | Identified the ring "Numix" {rPois rC- Str+4 Dex+7 SInv}
 12053 | D:12     | Reached skill level 5 in Throwing
 12053 | D:12     | Reached skill level 5 in Invocations
 12193 | D:12     | Reached skill level 1 in Axes
 12260 | D:12     | Noticed a seven-headed hydra
 12271 | D:12     | Killed a seven-headed hydra
 12360 | D:12     | Noticed Frances
 12401 | D:12     | Noticed Psyche
 12403 | D:12     | Killed Psyche
 12484 | D:12     | Reached skill level 8 in Fighting
 12878 | D:12     | Reached ****** piety under Cheibriados
 13426 | D:13     | Reached XP level 13. HP: 81/88 MP: 17/17
 14525 | D:14     | Reached skill level 9 in Fighting
 14657 | D:14     | Found a gate to the Vaults.
 14665 | D:14     | Reached skill level 5 in Axes
 14665 | D:14     | Reached skill level 1 in Charms
 15182 | D:15     | Entered Level 15 of the Dungeon
 15402 | D:15     | Found a staircase to the Depths.
 15417 | D:15     | Reached XP level 14. HP: 73/98 MP: 12/18
 15423 | D:15     | Reached skill level 10 in Fighting
 16112 | D:15     | Reached skill level 1 in Evocations
 16769 | Lair:1   | Entered Level 1 of the Lair of Beasts
 16770 | Lair:1   | Noticed Harold
 16842 | Lair:1   | Got a vibrating golden ring
 16844 | Lair:1   | Identified the ring "Inoru" {Fire MR+ Int+2 Dex+2} (You
                  | found it on level 1 of the Lair of Beasts)
 16975 | D:7      | Bought a book of Flames for 385 gold pieces
 16979 | D:7      | Learned a level 3 spell: Conjure Flame
 17828 | Lair:1   | Noticed Grum
 17836 | Lair:1   | Killed Grum
 17985 | Lair:1   | Killed Harold
 17985 | Lair:1   | Reached skill level 1 in Fire Magic
 18144 | Lair:2   | Reached skill level 1 in Conjurations
 18228 | Lair:2   | Found a hole to the Spider Nest.
 18721 | Lair:3   | Found a staircase to the Swamp.
 18927 | Lair:3   | Noticed Fannar
 18937 | Lair:3   | Killed Fannar
 19630 | Lair:4   | Reached skill level 11 in Fighting
 19776 | Lair:4   | Reached XP level 15. HP: 92/106 MP: 21/21
 19871 | Lair:4   | Noticed Nergalle
 19882 | Lair:4   | Killed Nergalle
 19896 | Lair:4   | Noticed Urug
 19912 | Lair:4   | Killed Urug
 20098 | Lair:4   | Found a runed translucent gate.
 20098 | Lair:4   | Found a runed translucent gate.
 20098 | Lair:4   | Found a runed translucent gate.
 20102 | Lair:4   | Noticed SnubMonkey's ghost (journeyman TeFi)
 20156 | Lair:4   | Found an ancient bone altar of Kikubaaqudgha.
 20487 | Lair:4   | Identified the cursed +1 hand crossbow of Corruption
                  | {freeze, rPois rC+ MR- Stlth+} (You found it on level 11 of
                  | the Dungeon)
 20614 | Lair:5   | Found a staircase to the Slime Pits.
 21177 | Lair:6   | Entered Level 6 of the Lair of Beasts
 21266 | Lair:6   | Reached skill level 5 in Spellcasting
 21348 | Lair:6   | Found a dark tunnel.
 21358 | Volcano  | Entered a volcano
 21514 | Volcano  | Found a radiant altar of Vehumet.
 21701 | Volcano  | Gained mutation: Your muscles are strong. (Str +2) [potion
                  | of mutation]
 21701 | Volcano  | Gained mutation: You are somewhat resistant to further
                  | mutation. [potion of mutation]
 22763 | Orc:1    | Entered Level 1 of the Orcish Mines
 22811 | Orc:1    | Found Ozycvop's Magic Scroll Shop.
 23250 | Orc:2    | Entered Level 2 of the Orcish Mines
 23250 | Orc:2    | Found a staircase to the Elven Halls.
 23273 | Orc:2    | Found a frozen archway.
 23330 | IceCv    | Entered an ice cave
 23414 | IceCv    | Reached XP level 16. HP: 114/114 MP: 24/24
 23565 | IceCv    | Found an ancient bone altar of Kikubaaqudgha.
 24108 | Orc:2    | Noticed Sonja
 24118 | Orc:2    | Killed Sonja
 24126 | Orc:2    | Noticed Josephine
 24150 | Orc:2    | Reached skill level 5 in Conjurations
 24495 | Orc:2    | Reached skill level 5 in Fire Magic
 24504 | Orc:2    | Reached skill level 15 in Shields
 24716 | Orc:2    | Found Maestetum's Food Shop.
 24722 | Orc:2    | Found Tyiploy's Gadget Boutique.
 24723 | Orc:2    | Found Istrof's Antique Armour Emporium.
 24733 | Orc:2    | Found Ydiczusur's Antique Weapon Boutique.
 24773 | Orc:2    | Reached skill level 12 in Fighting
 24948 | Orc:2    | Killed Josephine
 25159 | Spider:1 | Entered Level 1 of the Spider Nest
 25372 | Spider:1 | Learned a level 4 spell: Summon Lightning Spire
 25969 | Spider:1 | Reached skill level 1 in Summonings
 25969 | Spider:1 | Reached skill level 1 in Air Magic
 26193 | Spider:1 | Noticed Louise
 26206 | Spider:1 | Killed Louise
 26379 | Spider:2 | Noticed Arachne
 27035 | Spider:2 | Reached skill level 13 in Fighting
 27214 | Spider:2 | Killed Arachne
 27695 | Spider:3 | Reached XP level 17. HP: 123/123 MP: 26/26
 28710 | Spider:4 | Entered Level 4 of the Spider Nest
 28984 | Spider:4 | Found the +5 robe of Night {Dark MR+ SInv}
 29352 | Spider:4 | Reached skill level 14 in Fighting
 29882 | Spider:4 | Got a gossamer rune of Zot
 30513 | Vaults:1 | Entered Level 1 of the Vaults
 30556 | Vaults:1 | Found a ruined gateway.
 30565 | Desolati | Entered the Desolation of Salt
 30586 | Desolati | Learned a level 4 spell: Animate Dead
 30655 | Desolati | Identified the +7 quarterstaff of Ocudghea {drain, rPois
                  | rN++ MR- Int-5}
 30706 | Desolati | Identified the Grimoire of Cloudy Ignition
 30709 | Desolati | Identified the Disquisition on Sinister Flames
 30716 | Desolati | Learned a level 4 spell: Sticky Flame
 30781 | Desolati | Reached skill level 5 in Summonings
 30781 | Desolati | Reached skill level 5 in Air Magic
 30784 | Desolati | Reached skill level 5 in Necromancy
 30787 | Desolati | Got a coiled steel amulet
 30789 | Desolati | Identified the Catalogue of Assistive Beguiling
 30792 | Desolati | Identified the amulet "Sampaumefu" {rF- Regen+ Str+6} (You
                  | found it in the Desolation of Salt)
 30800 | Desolati | Identified Amool's Handbook of Feathery Toxins
 30804 | Desolati | Identified the amulet of Targh {Inacc rF- rC+++ Int+5} (You
                  | found it in the Desolation of Salt)
 30846 | Desolati | Reached XP level 18. HP: 132/132 MP: 29/29
 31548 | Desolati | Identified the ring of Xassuan {rElec rPois rN+ MR+} (You
                  | found it in the Desolation of Salt)
 32376 | Vaults:1 | Found Deec's Weapon Boutique.
 32438 | Vaults:1 | Reached skill level 15 in Fighting
 33370 | Vaults:2 | Reached XP level 19. HP: 139/139 MP: 32/32
 34431 | Vaults:2 | Reached skill level 16 in Fighting
 34467 | Vaults:2 | Reached skill level 10 in Spellcasting
 34591 | Vaults:2 | Found Xedikel's Jewellery Boutique.
 34717 | Vaults:2 | Reached skill level 10 in Dodging
 34751 | Vaults:2 | Learned a level 5 spell: Borgnjor's Vile Clutch
 34777 | Vaults:2 | Found a staircase to the Crypt.
 35102 | Vaults:2 | Reached skill level 1 in Earth Magic
 35708 | Vaults:3 | Reached XP level 20. HP: 149/149 MP: 34/34
 35716 | Vaults:3 | Noticed Margery
 35731 | Vaults:3 | Killed Margery
 35981 | Vaults:3 | Found the +18 shield of the Gong {rElec rN+ MR+ EV-5}
 36030 | Vaults:3 | Learned a level 6 spell: Death Channel
 37061 | Vaults:4 | Reached skill level 17 in Fighting
 37217 | Vaults:4 | Identified the +4 rapier of Bodily Harmony {freeze, *Noise
                  | rPois rN+ Str+6}
 37325 | Vaults:4 | Identified 2 scrolls of acquirement
 37880 | D:2      | Killed Terence
 38365 | Vaults:4 | Reached skill level 5 in Earth Magic
 38369 | Vaults:4 | Reached XP level 21. HP: 95/156 MP: 29/36
 38593 | Vaults:4 | Found Lim Feux's Food Boutique.
 39047 | Vaults:4 | Identified the +5 triple sword "Murmur" {venom, rPois
                  | Int+3} (You acquired it on level 4 of the Vaults)
 39424 | Swamp:1  | Entered Level 1 of the Swamp
 39505 | Swamp:1  | Noticed Nikola
 39511 | Swamp:1  | Killed Nikola
 39511 | Swamp:1  | Reached skill level 10 in Necromancy
 40906 | Swamp:3  | Noticed Jorgrun
 40927 | Swamp:3  | Killed Jorgrun
 40927 | Swamp:3  | Reached skill level 10 in Axes
 41166 | Swamp:4  | Entered Level 4 of the Swamp
 41259 | Swamp:4  | Got a decaying rune of Zot
 41961 | Elf:1    | Entered Level 1 of the Elven Halls
 42009 | Elf:1    | Identified the ring of Zeim {Ice MP+9 Dex+10 Stlth+}
 42072 | Elf:1    | Reached XP level 22. HP: 161/163 MP: 30/37
 42224 | Elf:1    | Noticed Kirke
 42238 | Elf:1    | Killed Kirke
 42977 | Elf:2    | Found a shimmering blue altar of Sif Muna.
 43205 | Elf:2    | Found a runed translucent gate.
 43207 | Elf:2    | Found a runed translucent gate.
 43210 | Elf:2    | Found a runed translucent gate.
 43400 | Elf:3    | Entered Level 3 of the Elven Halls
 43561 | Elf:3    | Noticed Bai Suzhen
 43573 | Elf:3    | Killed Bai Suzhen
 44117 | Elf:3    | Identified the cursed +1 dire flail "Spiderslayer" {freeze,
                  | rC+ Str+2}
 44507 | Elf:3    | Reached skill level 18 in Fighting
 44520 | Elf:3    | Identified the +5 hand axe "Joxtur" {drain, rPois}
 44586 | Elf:3    | Identified the amulet "Rusonib" {Spirit rC+ rN+++ Str-2
                  | SInv}
 44594 | Elf:3    | Killed from afar by a deep elf sorcerer

Levels and vault maps discovered:
D:1:      ncdulo_halloftheorcs, layout_loops_ring
D:2:      layout_loops_cross, corexii_shack, hangedman_decor_points,
          lightli_corner_chamber, uniq_terence
D:3:      layout_rooms, trog_eyes_of_draining, kennysheep_crisscross,
          minmay_fractal_squares_5
D:4:      layout_basic, kennysheep_mini_moat,
          minmay_temple_entry_statues_fountains, first_ration
D:5:      layout_loops_ring, basic_altar, minivault_19
D:6:      layout_basic, fedhas_bush_and_centaur_altar, uniq_blork_the_orc
D:7:      layout_basic, serial_shops, nicolae_shop_crystal, patterned_corridor,
          uniq_crazy_yiuf_cottage
D:8:      layout_basic, nicolae_overflow_quartered_altars, blue_anna_alchemist
          [blue_anna_fruit_fields, blue_anna_fruit_fields],
          chequers_guarded_unrand_ignorance
D:9:      layout_loops_ring, dpeg_lair_monsters
D:10:     layout_loops_ring, orc_0_dummy, muffindrake_ghost_dual_entry,
          uniq_snorg
D:11:     layout_basic, minmay_pinched_square
D:12:     layout_basic, solitary_fountain, roderic_roman_lattice,
          minmay_misc_feat_enclosed, uniq_frances, uniq_psyche
D:13:     layout_loops_ring
D:14:     layout_basic, david_vaults_1, minmay_misc_feat_chi
D:15:     grunt_enter_depths_magical_seal, layout_irregular_city,
          amethyst_killhole, abandoned_shop, kb_rosetta
Temple:   compressed_dpeg_circular_temple
Lair:1:   layout_cave_pods, lemuel_fruit_fields, uniq_harold, uniq_grum
Lair:2:   layout_loops_ring, spider_nest_entry_web_field,
          chequers_serial_rivers_micro_a
Lair:3:   layout_concentric_octagons, swamp_mist_pool, grunt_megastairs_4,
          uniq_fannar
Lair:4:   layout_gridlike, ebering_ghost_rock_garden, st_stairs_9,
          lemuel_centaur_altar, grunt_megastairs_3, minmay_lair_oklob_chamber,
          uniq_urug, uniq_nergalle
Lair:5:   layout_roguey, nicolae_slime_entry_slimehenge, lemuel_fruit_tree
Lair:6:   minmay_lair_end_enchanted_forest, layout_cave_shapes,
          lightli_volcano_entry_magma_tube, st_stairs_6, grunt_megastairs_5
Swamp:1:  cheibrodos_swamp_monstrosity, layout_basic_swamp,
          hangedman_swamp_ruin_hall, uniq_nikola
Swamp:2:  layout_basic_swamp, evilmike_swamp_ruin_wall
Swamp:3:  layout_basic_swamp, evilmike_swamp_ruin_rubble_2, swamp_pool1,
          uniq_jorgrun
Swamp:4:  swamp_alternative, layout_basic_swamp
Spider:1: layout_spider_delve, uniq_louise
Spider:2: layout_spider_delve, uniq_arachne
Spider:3: layout_spider_delve
Spider:4: guppyfry_spider_rune, lemuel_hornet_nest
Orc:1:    layout_caves, serial_shops, shop, roderic_batcave
Orc:2:    st_orc_open, layout_caves, portal_ice_cave_entry_imps,
          nicolae_orc_lava_tube, uniq_sonja, uniq_josephine
Elf:1:    eino_elf_arrival_sip, layout_rooms, hangedman_elf_disciples,
          uniq_kirke
Elf:2:    layout_geoelf_octagon, basic_altar
Elf:3:    minmay_elf_hall_four_x, layout_geoelf_castle, uniq_bai_suzhen
Vaults:1: vaults_room_fancy_cross, v_alt_pattern_5, st_octagons_1, v_misc_1,
          v_misc_9, nicolae_vaults_angled_halls, grunt_vaults_hallway_long,
          nicolae_vaults_little_squares_2, v_misc_30, ontoclasm_vaults_ligature,
          vaults_room_pools, layout_vaults_ring, portal_desolation_entry_garden,
          serial_shops, shop
Vaults:2: hangedman_vaults_variations, v_misc_2,
          ontoclasm_vaults_decontamination, nicolae_vaults_little_squares_6,
          v_pattern_1, grunt_vaults_hallway_short, vaults_room_pool, st_lattice,
          layout_vaults_omnigrid, minmay_crypt_entry_simple_corners,
          serial_shops, shop
Vaults:3: hangedman_vaults_locks, vaults_room_fancy_cross,
          hangedman_vaults_capsules, v_misc_12, v_misc_29,
          layout_vaults_chaotic_city, uniq_margery
Vaults:4: nicolae_vaults_circle_grid_a, nicolae_vaults_mini_display_case,
          nicolae_vaults_branching_niches, serial_ice_g, hangedman_vaults_hat,
          v_misc_18, vaults_standard_mumra_lines, hangedman_vaults_stitches,
          v_misc_12, layout_vaults_maze_snakey, serial_shops,
          nicolae_shop_waterfront

Skill      XL: |  1  2  3  4  5  6  7  8  9 10 11 12 13 14 15 16 17 18 19 20 21 22 |
---------------+-------------------------------------------------------------------+-----
Stealth        | 1 |  1.2
Polearms       | 3 4 5 6 8 9 10 11 12 13 | 13.6
Fighting       | 4 5 6 7 8 9 11 13 14 15 16 17 18 | 18.1
Dodging        | 4 5 6 7 8 10 11 12 13 | 13.0
Shields        | 4 6 9 11 12 13 14 15 | 15.4
Invocations    | 2 3 4 5 6 7 8 9 |  9.0
Spellcasting   | 1 2 3 4 5 6 7 9 10 11 | 11.1
Hexes          | 1 2 3 |  3.0
Throwing       | 1 3 4 5 6 7 |  7.8
Necromancy     | 1 3 4 5 7 8 9 10 11 | 11.0
Axes           | 2 5 7 11 13 | 13.7
Charms         | 3 4 |  4.0
Evocations     | 1 |  1.7
Fire Magic     | 2 4 5 |  5.0
Conjurations   | 2 4 5 |  5.0
Summonings     | 2 5 6 7 |  7.0
Air Magic      | 2 5 6 |  6.0
Earth Magic    | 1 5 |  5.0

Action                   |  1- 3 |  4- 6 |  7- 9 | 10-12 | 13-15 | 16-18 | 19-21 | 22-24 || total
-------------------------+-------+-------+-------+-------+-------+-------+-------+-------++-------
Melee: Trident           |    73 |   143 |   344 |   349 |   913 |  1250 |   685 |       ||  3757
       Constrict         |    19 |    31 |    68 |    56 |   113 |   195 |   146 |    56 ||   684
       Tentacles         |     6 |    22 |    74 |   230 |   352 |   497 |   387 |    65 ||  1633
       Spear             |       |       |       |   177 |       |       |       |       ||   177
       War axe           |       |       |       |    39 |   106 |       |       |       ||   145
       Broad axe         |       |       |       |       |       |       |   413 |   184 ||   597
Throw: Dart              |       |     2 |    52 |    67 |    49 |    77 |       |     1 ||   248
       Boomerang         |       |       |       |     5 |    23 |    83 |    15 |    20 ||   146
       Javelin           |       |       |       |       |       |       |     3 |       ||     3
 Cast: Animate Skeleton  |       |       |    12 |       |       |       |       |       ||    12
       Apportation       |       |       |     3 |       |       |       |       |       ||     3
       Confusing Touch   |       |       |       |     1 |     2 |     1 |       |       ||     4
       Song of Slaying   |       |       |       |       |    37 |    59 |    68 |    12 ||   176
       Conjure Flame     |       |       |       |       |     3 |    15 |     2 |       ||    20
       Regeneration      |       |       |       |       |     2 |    34 |    41 |    12 ||    89
       Animate Dead      |       |       |       |       |       |    13 |    10 |     2 ||    25
       Summon Lightning  |       |       |       |       |       |     1 |    22 |     5 ||    28
       Borgnjor's Vile C |       |       |       |       |       |       |     1 |     5 ||     6
       Death Channel     |       |       |       |       |       |       |    26 |    19 ||    45
Invok: Bend Time         |       |       |     1 |    15 |     3 |       |       |       ||    19
       Slouch            |       |       |       |       |     1 |     3 |       |       ||     4
       Step From Time    |       |       |       |       |       |       |     1 |       ||     1
Evoke: Wand              |       |       |       |     3 |     7 |     3 |     1 |     1 ||    15
       Box of beasts     |       |       |       |       |     1 |       |       |       ||     1
       Phial of floods   |       |       |       |       |     1 |       |       |       ||     1
       Lamp of fire      |       |       |       |       |       |       |       |     1 ||     1
  Use: Potion            |       |     2 |       |     1 |     3 |     3 |     2 |       ||    11
       Scroll            |       |       |     9 |     8 |    18 |    14 |    12 |     5 ||    66
 Stab: Sleeping          |    10 |     7 |    21 |    10 |    41 |    18 |     1 |       ||   108
       Distracted        |       |       |     1 |     5 |     5 |     8 |    21 |     9 ||    49
       Confused          |       |       |       |     8 |     9 |     2 |       |     1 ||    20
       Held in net/web   |       |       |       |       |       |     4 |       |       ||     4
       Paralysed         |       |       |       |       |       |     1 |       |       ||     1
  Eat: Chunk             |     1 |     7 |    12 |    11 |    16 |     1 |    11 |     5 ||    64
       Ration            |       |       |       |       |     1 |     6 |     5 |     2 ||    14
Armor: Skin              |     4 |     7 |    39 |    13 |    18 |    40 |    23 |     4 ||   148
Dodge: Dodged            |    19 |    38 |   118 |    81 |   215 |   314 |   309 |    88 ||  1182
Block: Shield            |    18 |    43 |    71 |       |       |       |   795 |   289 ||  1216
       Large shield      |       |       |    97 |   434 |   882 |  1452 |   476 |       ||  3341
       Reflection        |       |       |       |       |       |       |       |    47 ||    47
